 Dungeon Crawl Stone Soup version 0.32-a0-42-ga30500b4d3 (webtiles) character file.

Game seed: 13779418855102246144

390 iamserjio the Gusty (level 6, -2/35 HPs)
             Began as a Tengu Air Elementalist on Feb 3, 2024.
             Slain by an iguana (14 damage)
             ... on level 5 of the Dungeon.
             The game lasted 00:13:27 (1761 turns).

iamserjio the Gusty (Tengu Air Elementalist)        Turns: 1761, Time: 00:13:28

Health: -2/35      AC:  2    Str:  8    XL:     6   Next: 80%
Magic:  8/11       EV: 27    Int: 18    God:
Gold:   185        SH:  0    Dex: 14    Spells: 2/11 levels left

rFire   + . .        o - staff of air
rCold   x . .        j - orb {light}
rNeg    . . .        a - +0 robe
rPois   .            (helmet restricted)
rElec   +            (no cloak)
rCorr   .            (no gloves)
SInv    .            (boots unavailable)
Will    .....        (no amulet)
Stlth   +            f - ring of fire
HPRegen 0.25/turn    b - ring of flight
MPRegen 0.12/turn

%: acrobat
@: acrobatic, flying, glowing
A: beak, talons 3, acrobatic
a: no special abilities


You were on level 5 of the Dungeon.
You visited 1 branch of the dungeon, and saw 6 of its levels.

You collected 185 gold pieces.

Inventory:

Hand Weapons
 c - the +5 mace of Yroraj {flame, Stlth+}
   (You found it on level 4 of the Dungeon)

   Stlth+:    It makes you more stealthy.
 i - a +0 short sword
Missiles
 p - 5 poisoned darts
Armour
 a - a +0 robe (worn)
 h - a +0 ring mail
 j - an orb of light (worn)
 q - a +3 ring mail
Magical Staves
 o - a staff of air (weapon)
Jewellery
 b - a ring of flight (right hand)
 f - a ring of fire (left hand)
Talismans
 g - a granite talisman
 n - a beast talisman
Scrolls
 d - a scroll of enchant armour {unknown}
 e - a scroll of poison {unknown}
 k - a scroll of teleportation {@r3}
Potions
 l - a potion of cancellation {unknown}
 r - a potion of mutation {unknown}


   Skills:
 + Level 1.9 Fighting
 - Level 2.1 Dodging
 - Level 2.0 Stealth
 * Level 3.2 Unarmed Combat
 - Level 3.0 Spellcasting
 - Level 3.0 Conjurations
 - Level 6.3 Air Magic
 + Level 1.7 Alchemy


You had 2 spell levels left.
You knew the following spells:

 Your Spells              Type           Power      Damage    Failure   Level
a - Shock                 Conj/Air       100%       1d9       2%          1
b - Static Discharge      Conj/Air       58%        3-6/arc   3%          2
c - Mephitic Cloud        Conj/Alch/Air  23%        N/A       11%         3
d - Mercury Vapours       Alch/Air       50%        N/A       4%          2
e - Apportation           Tloc           4%         N/A       16%         1

Your spell library contained the following spells:

 Spells                   Type           Power      Damage    Failure   Level
 Sting                    Conj/Alch      44%        1d5       6%          1
 Kiss of Death            Conj/Necr      32%        2d7       9%          1
 Necrotise                Necr           8%         1d4       16%         1
 Summon Small Mammal      Summ           8%         N/A       16%         1
 Swiftness                Air            38%        N/A       3%          3
 Airstrike                Air            19%        2d(3-19)  12%         4
 Confusing Touch          Hex            2%         N/A       43%         3
 Freezing Cloud           Conj/Ice/Air   10%        6-21      77%         5
 Dispel Undead            Necr           2%         3d7       85%         4


Dungeon Overview and Level Annotations

Branches:
Dungeon (6/15) Zot: 26329  Temple (0/1) D:5

Altars:
Dithmenos
Fedhas
Makhleb
Ru
Sif Muna
Zin

Annotations:
D:2 Sigmund
D:5 exclusion: oklob plant, Duvessa


Innate Abilities, Weirdness & Mutations

You have a beak for a mouth.
You have claws for feet.
You can magically evade attacks while moving or waiting.


Message History

You resist.
You are struck by an arc of lightning.
The lemure is struck by an arc of lightning!
You kill the lemure!
That felt strangely unrewarding.
The lightning grounds out.
The lemure barely misses you.
You hit the lemure but do no damage. The lemure hits you.
* * * LOW HITPOINT WARNING * * *
You hit the lemure.
You kill the lemure!
That felt strangely unrewarding.
Found 20 gold pieces.
An iguana comes into view.
The iguana hisses angrily.
The iguana misses you.
You see here 20 gold pieces.
Okay, then.
Okay, then.
Okay, then.
The iguana attacks as it pursues you! The iguana misses you.
Found a scroll labelled KATHRA UQALAEDORCHI.
The iguana attacks as it pursues you! The iguana completely misses you.
The iguana attacks as it pursues you! The iguana closely misses you.
The iguana attacks as it pursues you! The iguana completely misses you.
You see here a scroll labelled KATHRA UQALAEDORCHI.
e - a scroll labelled KATHRA UQALAEDORCHI The iguana bites you!
* * * LOW HITPOINT WARNING * * *
The iguana attacks as it pursues you! The iguana barely misses you.
The iguana attacks as it pursues you! The iguana closely misses you.
Okay, then.
Casting: Static Discharge (safe; 3% risk of failure)
Okay, then.
The iguana hisses menacingly.
The iguana attacks as it pursues you! The iguana completely misses you.
The iguana attacks as it pursues you! The iguana closely misses you.
The iguana attacks as it pursues you! The iguana barely misses you.
The iguana attacks as it pursues you! The iguana completely misses you.
The iguana attacks as it pursues you! The iguana misses you.
The iguana attacks as it pursues you! The iguana bites you!
You die...

,,,,,,,*########.###.##...##
.#####**######..<..#.#.....##*##
.#...#########.###.##..#.#..##.#
.#.#.#..".............#...#....#
.#.#.#.#####.######...........#*
.#.#.#................#...#....*
.#.#.#######.......##..#.#..#*,*
.#.#.#........######.#......#***
.........>......@l...##...#.#
.....#.#............<##...#.#
####.#.#..###.########..#...#
,,,#.#+#......# #.###..#
,,,#......############.....##
,,,#......# #........#####
,,,#......# #.########
,,,#.####.#####.# ,,,#.#
#.##....#


You could see an iguana.

Vanquished Creatures
  The ghost of bmj180 the Conjurer, an amateur HuCj (D:3)
  A black bear (D:3)
  2 lemures (D:5)
  A jelly (D:5)
  3 adders
  6 gnolls
  3 dart slugs
  2 orcs (D:3)
  2 ball pythons
  6 endoplasms
  2 giant cockroaches (D:2)
  9 goblins
  3 hobgoblins (D:4)
  2 jackals (D:1)
  7 kobolds
  A quokka (D:1)
  3 bats
  A frilled lizard (D:2)
  3 rats
58 creatures vanquished.

Notes
Turn   | Place    | Note
-------+----------+-------------------------------------------
     0 | D:1      | iamserjio the Tengu Air Elementalist began the quest for
                  | the Orb.
     0 | D:1      | Reached XP level 1. HP: 10/10 MP: 4/4
   165 | D:1      | Reached XP level 2. HP: 6/15 MP: 0/6
   255 | D:2      | Noticed Sigmund
   484 | D:2      | Reached skill level 1 in Unarmed Combat
   531 | D:2      | Learned a level 2 spell: Static Discharge
   547 | D:3      | Reached XP level 3. HP: 20/20 MP: 2/7
   586 | D:2      | Reached skill level 1 in Fighting
   600 | D:3      | Learned a level 3 spell: Mephitic Cloud
   691 | D:3      | Reached XP level 4. HP: 9/25 MP: 0/8
   835 | D:4      | Found a burning altar of Makhleb.
   862 | D:5      | Entered Level 5 of the Dungeon
   862 | D:5      | Noticed an ogre
   864 | D:5      | Found a shimmering blue altar of Sif Muna.
   910 | D:5      | Found a blossoming altar of Fedhas.
   914 | D:5      | Noticed an oklob plant
   966 | D:5      | Reached skill level 1 in Alchemy
   974 | D:5      | Noticed Duvessa
  1048 | D:4      | Identified the +5 mace of Yroraj {flame, Stlth+}
  1095 | D:6      | Noticed a phantom
  1139 | D:4      | Reached XP level 5. HP: 29/29 MP: 5/10
  1169 | D:4      | Noticed a phantom
  1188 | D:4      | Found a glowing silver altar of Zin.
  1211 | D:3      | Noticed a black bear
  1222 | D:3      | Killed a black bear
  1223 | D:3      | Reached skill level 6 in Air Magic
  1234 | D:3      | Learned a level 2 spell: Mercury Vapours
  1262 | D:3      | Found a runed translucent gate.
  1262 | D:3      | Noticed bmj180's ghost (amateur HuCj)
  1263 | D:3      | Found a runed translucent gate.
  1263 | D:3      | Found a runed translucent gate.
  1380 | D:3      | Reached XP level 6. HP: 29/34 MP: 11/11
  1392 | D:3      | Killed bmj180's ghost
  1470 | D:2      | Found a shadowy altar of Dithmenos.
  1667 | D:4      | Learned a level 1 spell: Apportation
  1687 | D:5      | Found a sacrificial altar of Ru.
  1687 | D:5      | Noticed a water moccasin
  1761 | D:5      | Slain by an iguana

Illustrated notes

Levels and vault maps discovered:
D:1:      shiori_shiawase, layout_loops_ring, hangedman_abyss_or_decor_stabs,
          st_stairs_14, grunt_decor_fettered, minmay_misc_feat_diagonals,
          nrook_uturn, item_on_display_a
D:2:      wander_river, layout_rooms, basic_altar, minmay_tromino_v4_c,
          uniq_sigmund
D:3:      layout_basic, gammafunk_ghost_split
D:4:      layout_basic, mainiacjoe_overflow_chevrons, zin_scriptorium,
          kennysheep_opposing_triangles
D:5:      layout_basic, mainiacjoe_overflow_concentric_impassable,
          lemuel_tele_altar, tso_metal_star, tgw_fedhas,
          lemuel_temple_firewalk_b, serial_library_hellmonk_open_cross,
          uniq_pikel, uniq_duvessa
D:6:      layout_basic, mainiacjoe_overflow_paths,
          mainiacjoe_overflow_six_doors_small, nemelex_altar_shiori,
          serial_park_tiny_2, uniq_crazy_yiuf_cottage

Skill      XL: |  1  2  3  4  5  6 |
---------------+-------------------+-----
Unarmed Combat | 1 3 |  3.2
Fighting       | 1 |  1.9
Conjurations   | 2 3 |  3.0
Alchemy        | 1 |  1.7
Spellcasting   | 3 |  3.0
Air Magic      | 6 |  6.3
Dodging        | |  2.1
Stealth        | |  2.0

Action                     |  1- 3 |  4- 6 || total
---------------------------+-------+-------++-------
  Melee: Unarmed           |     2 |       ||     2
         Kick              |     5 |     7 ||    12
         Short sword       |    10 |     1 ||    11
         Staff             |       |    21 ||    21
         Peck              |       |     2 ||     2
   Cast: Shock             |    33 |    37 ||    70
         Static Discharge  |     3 |    21 ||    24
         Mercury Vapours   |       |     2 ||     2
    Use: Scroll            |       |     5 ||     5
         Potion            |       |     3 ||     3
 Armour: Robe              |    15 |    65 ||    80
  Dodge: Dodged            |    22 |    51 ||    73

Table legend: (Time is in decaauts)
 A = Elapsed time spent in this place.
 B = Non-inter-level travel time spent in this place.
 C = Inter-level travel time spent in this place.
 D = Time resting spent in this place.
 E = Time spent auto-exploring this place.
 F = Levels seen in this place.
 G = Mean time per level.
                   A        B        C        D        E       F      G
               +--------+--------+--------+--------+--------+-----+--------+
         Total |   1782 |   1566 |    216 |      0 |    114 |   6 |  297.0 |
       Dungeon |   1782 |   1566 |    216 |      0 |    114 |   6 |  297.0 |
               +--------+--------+--------+--------+--------+-----+--------+

Top non-repeatable levels by time:
     D:3: 479 daAuts
     D:1: 460 daAuts
     D:2: 309 daAuts
     D:4: 265 daAuts
     D:5: 263 daAuts
     D:6: 3 daAuts
